 Dungeon Crawl Stone Soup version 0.22-a0-253-gf9d0ce5 (webtiles) character file.

12468 kuniqs the Protected (level 11, -24/103 HPs)
             Began as a Deep Dwarf Fighter on Mar 3, 2018.
             Was a Priest of Makhleb.
             Annihilated by an ettin
             ... wielding a +0 dire flail
              (39 damage)
             ... on level 10 of the Dungeon.
             The game lasted 00:11:10 (6819 turns).

kuniqs the Protected (Deep Dwarf Fighter)           Turns: 6819, Time: 00:11:10

Health: -24/103    AC: 16    Str: 24    XL:     11   Next: 62%
Magic:  4/4        EV:  6    Int:  8    God:    Makhleb [***...]
Gold:   661        SH: 16    Dex: 12    Spells: 10/10 levels left

rFire    . . .     SeeInvis .   p - +3 hand axe (elec)
rCold    . . .     Gourm    .   b - +0 large shield
rNeg     . . .     Faith    .   c - +0 plate armour
rPois    .         Spirit   .   q - +2 helmet
rElec    .         Reflect  .   (no cloak)
rCorr    .         Harm     .   (no gloves)
MR       +....                  (no boots)
Stlth    ..........             (no amulet)
HPRegen  0.00/turn              u - ring of loudness (curse)
MPRegen  0.09/turn              v - +5 ring of slaying

@: non-regenerating, heavily drained
A: damage resistance, heal wounds, sense surroundings 2, no regeneration
a: Heal Wounds, Minor Destruction, Lesser Servant of Makhleb, Renounce Religion


You were on level 10 of the Dungeon.
You worshipped Makhleb.
Makhleb was most pleased with you.
You were hungry.

You visited 1 branch of the dungeon, and saw 10 of its levels.

You collected 661 gold pieces.

Inventory:

Hand Weapons
 p - a +3 hand axe of electrocution (weapon)
 w - a +2 dagger of draining
Armour
 b - a +0 large shield (worn)
 c - a +0 plate armour (worn)
 q - a +2 helmet (worn)
Jewellery
 u - a cursed ring of loudness (left hand)
 v - a +5 ring of slaying (right hand)
Wands
 k - a wand of clouds (6)
 l - a wand of flame (15)
 r - a wand of disintegration (10)
 y - a wand of digging (11)
Scrolls
 a - a scroll of enchant weapon
 e - a scroll of teleportation
 m - 7 scrolls of remove curse {@r2}
 n - 2 scrolls of enchant armour
 t - 2 scrolls of immolation
 z - 2 scrolls of identify {@r1}
 A - 2 scrolls of fog
Potions
 d - a potion of might
 g - a potion of haste
 h - 7 potions of curing {@q1}
 i - 2 potions of heal wounds
 j - 4 potions of mutation
 o - 3 potions of flight
 s - 3 potions of lignification
 x - a potion of cancellation
Comestibles
 f - 24 rations


   Skills:
 + Level 7.9(6.0) Fighting
 + Level 9.2(7.2) Axes
 + Level 9.6(7.6) Armour
 + Level 8.8(6.8) Dodging
 + Level 9.5(7.5) Shields
 - Level 6.0(4.1) Invocations


You had 10 spell levels left.
You didn't know any spells.

Dungeon Overview and Level Annotations

Branches:
Dungeon (10/15)            Temple (0/1) D:7            Lair (0/6) D:8
    Orc: D:9-12

Altars:
Gozag
Hepliaklqana
Kikubaaqudgha
Makhleb
Wu Jian
Yredelemnul
Beogh

Shops:
D:5 (   D:6 =


Innate Abilities, Weirdness & Mutations

You are resistant to damage.
You can heal yourself by infusing magical energy.
You passively map the area around you.
You do not regenerate.


Message History

The orc sorcerer hits you but does no damage.
The orc priest calls down the wrath of Beogh upon you.
Beogh smites you! You block the cyclops's attack.
Your shield and plate armour prevent you from hitting the ettin.
You hit the cyclops.
You hit the orc sorcerer but do no damage.
You hit the orc warrior but do no damage.
Lightning courses through the orc warrior!
You are feeling hungry.
You block the ettin's attack.
The ettin hits you with a great mace of draining!!
* * * LOW HITPOINT WARNING * * *
You feel drained.
* * * LOW HITPOINT WARNING * * *
You block the orc sorcerer's attack.
The cyclops hits you but does no damage.
The orc warrior barely misses you.
All of the chunks of flesh in your inventory have rotted away.
You fail to use your ability.
The ettin hits you with a dire flail!!!
You die...

.................#.##...##.##.#..
#####.######.###........#####.#..
#.# #.###.#.###........... #.#
#..##.#.# #.######.### #.#
#.§.#...# #.....##.... #.#
######### #####.###### #.#
########### #.###### #.#
#....©.C(.## #.......
#.##...#####@o.# #....... #.##. ,
#)#C)o.# #....... #.# ,.oOo3#.#
#.###### #.#*, *.8)8o##.# #.#
#####.# #..._.. # #.# #.)...#
##.8.8. #.# #.##### #....... #.#
....# ...#.#.,, #.###### ....# ,
* #.......


You could see an ettin, a cyclops, a neqoxec, an orc sorcerer, an orc warrior,
an ogre, an orc priest and 2 orc wizards.

Vanquished Creatures
  The ghost of Flooderbenga the Spear-Bearer, a journeyman MfSk of Hepliaklqana (D:9)
  5 two-headed ogres
  The ghost of Karim the Skirmisher, a novice OgWz of Okawaru (D:7)
  Joseph (D:7)
  A troll (D:10)
  A hornet (D:10)
  A hippogriff (D:8)
  7 yaks
  3 wyverns
  A human (D:7)
  3 hogs (D:7)
  2 hungry ghosts
  Edmund (D:4)
  Duvessa (D:7)
  2 hell hounds (D:8)
  4 phantoms
  A black bear (D:9)
  An ice beast (D:10)
  A sky beast (D:7)
  3 orc warriors
  3 ogres
  2 centaurs
  7 bullfrogs
  2 gnoll sergeants
  Dowan (D:7)
  8 scorpions
  3 wights (D:10)
  6 howler monkeys
  A bullfrog zombie (D:6)
  3 crimson imps
  5 hounds
  2 quasits
  8 orc priests
  3 jellies
  A bullfrog skeleton (D:10)
  4 centaur skeletons
  Jessica (D:2)
  4 iguanas
  6 orc wizards
  Natasha (D:2)
  8 worker ants
  2 hound zombies
  Robin (D:2)
  11 gnolls
  A howler monkey skeleton (D:8)
  11 adders
  A shadow imp (D:10)
  2 oozes
  2 adder skeletons
  5 dart slugs
  6 leopard geckos
  46 orcs
  A ball python (D:3)
  11 giant cockroaches
  18 goblins
  12 hobgoblins
  2 jackals (D:1)
  6 quokkas
  8 bats
  11 kobolds
  8 rats
285 creatures vanquished.

Vanquished Creatures (others)
  A human (D:4)
  A gnoll (D:8)
2 creatures vanquished.

Grand Total: 287 creatures vanquished

Notes
Turn   | Place    | Note
-------+----------+-------------------------------------------
     0 | D:1      | kuniqs the Deep Dwarf Fighter began the quest for the Orb.
     0 | D:1      | Reached XP level 1. HP: 20/20 MP: 1/1
    84 | D:1      | Reached XP level 2. HP: 18/27 MP: 2/2
   224 | D:1      | Reached skill level 1 in Dodging
   452 | D:1      | Reached XP level 3. HP: 29/33 MP: 2/2
   807 | D:2      | Reached XP level 4. HP: 29/42 MP: 3/3
   842 | D:2      | Noticed Jessica
   847 | D:2      | Killed Jessica
   994 | D:2      | Noticed Robin
  1016 | D:2      | Killed Robin
  1116 | D:2      | Reached XP level 5. HP: 39/49 MP: 3/3
  1175 | D:2      | Noticed Natasha
  1182 | D:2      | Killed Natasha
  1420 | D:3      | Reached XP level 6. HP: 50/56 MP: 3/3
  1425 | D:3      | Found a burning altar of Makhleb.
  1425 | D:3      | Noticed an Executioner
  1428 | D:3      | Noticed a neqoxec
  1428 | D:3      | Noticed a neqoxec
  1430 | D:3      | Became a worshipper of Makhleb the Destroyer
  1498 | D:3      | Found a basalt altar of Yredelemnul.
  1909 | D:4      | Reached * piety under Makhleb
  1909 | D:4      | Reached skill level 1 in Invocations
  1943 | D:4      | Noticed an orc warrior
  1974 | D:3      | Killed an orc warrior
  1974 | D:3      | Reached XP level 7. HP: 64/64 MP: 3/3
  2034 | D:4      | Reached skill level 5 in Shields
  2052 | D:4      | Reached skill level 5 in Armour
  2216 | D:4      | Found an ornate altar of the Wu Jian Council.
  2311 | D:4      | Found an ancient bone altar of Kikubaaqudgha.
  2316 | D:4      | Noticed a human
  2317 | D:4      | Killed a human
  2392 | D:4      | Noticed Edmund
  2405 | D:4      | Killed Edmund
  2405 | D:4      | Reached XP level 8. HP: 70/73 MP: 4/4
  2552 | D:4      | Reached skill level 5 in Axes
  2768 | D:5      | Entered Level 5 of the Dungeon
  2809 | D:5      | Found Heziulox's Antique Weapon Boutique.
  2859 | D:5      | Reached ** piety under Makhleb
  2886 | D:5      | Reached skill level 5 in Fighting
  3583 | D:6      | Reached skill level 5 in Dodging
  3759 | D:6      | Reached skill level 5 in Invocations
  3889 | D:6      | Found Tesenis's Jewellery Shoppe.
  4032 | D:6      | Gained mutation: You passively map the area around you. [Deep Dwarf growth]
  4032 | D:6      | Reached XP level 9. HP: 81/81 MP: 6/6
  4362 | D:7      | Noticed Joseph
  4386 | D:7      | Killed Joseph
  4577 | D:7      | Noticed Karim's ghost (novice OgWz)
  4598 | D:7      | Killed Karim's ghost
  4600 | D:7      | Reached XP level 10. HP: 46/91 MP: 8/8
  4813 | D:7      | Noticed Dowan
  4814 | D:7      | Noticed Duvessa
  4821 | D:7      | Killed Dowan
  4825 | D:7      | Killed Duvessa
  4881 | D:7      | Reached *** piety under Makhleb
  4893 | D:7      | Found a staircase to the Ecumenical Temple.
  4986 | D:7      | Found a hazy altar of Hepliaklqana.
  4991 | D:7      | Found an opulent altar of Gozag.
  5051 | D:8      | Found a staircase to the Lair.
  5266 | D:8      | You fall through a shaft for 2 floors!
  5266 | D:10     | Entered Level 10 of the Dungeon
  5411 | D:9      | Noticed a two-headed ogre
  5413 | D:9      | Noticed a two-headed ogre
  5420 | D:9      | Killed a two-headed ogre
  5424 | D:9      | Noticed Flooderbenga's ghost (journeyman MfSk)
  5428 | D:9      | Killed a two-headed ogre
  5448 | D:9      | Killed Flooderbenga's ghost
  5737 | D:8      | Reached XP level 11. HP: 97/100 MP: 8/8
  5835 | D:9      | Noticed a two-headed ogre
  5844 | D:9      | Killed a two-headed ogre
  5849 | D:9      | Reached **** piety under Makhleb
  6334 | D:10     | Found a transporter.
  6338 | D:10     | Noticed a two-headed ogre
  6373 | D:10     | Noticed a two-headed ogre
  6381 | D:10     | Paralysed by a hornet for 2 turns
  6394 | D:10     | Paralysed by a hornet for 1 turns
  6408 | D:10     | Killed a two-headed ogre
  6801 | D:10     | Noticed an ettin
  6801 | D:10     | Found a roughly hewn altar of Beogh.
  6809 | D:10     | Noticed an orc sorcerer
  6811 | D:10     | Killed a two-headed ogre
  6819 | D:10     | Annihilated by an ettin

Vault maps used:
D:1:      dpeg_arrival_renting, amethyst_killhole
D:2:      minmay_split_cup_large, uniq_natasha, uniq_robin, uniq_jessica
D:3:      overflow_temple_1_default, makhleb_altar_promises_db
D:4:      lemuel_round_altar, tgw_kikubaaqudgha, uniq_edmund
D:5:      serial_shops, shop, first_ration
D:6:      serial_shops, shop
D:7:      amethyst_overflow_temple_binary, minmay_temple_entry_poolview,
          grunt_livestock, uniq_duvessa, uniq_joseph
D:8:      minmay_lair_entry_lava
D:10:     gammafunk_beogh_shrine, hangedman_decor_clover_reticule

Skill      XL: |  1  2  3  4  5  6  7  8  9 10 11 |
---------------+----------------------------------+-----
Dodging        | 1 2 3 4 5 6 7 8 |  8.8
Fighting       | 3 4 5 6 7 |  7.9
Axes           | 3 4 5 7 8 9 |  9.2
Shields        | 4 5 6 7 8 9 |  9.5
Armour         | 4 5 6 7 8 9 |  9.6
Invocations    | 2 3 5 6 |  6.0

Action                   |  1- 3 |  4- 6 |  7- 9 | 10-12 || total
-------------------------+-------+-------+-------+-------++-------
Melee: War axe           |   100 |    53 |       |       ||   153
       Spear             |       |   146 |     9 |       ||   155
       Hand axe          |       |       |   272 |   289 ||   561
 Abil: Heal Wounds       |     1 |     5 |     1 |     9 ||    16
  Use: Scroll            |       |     4 |    10 |     1 ||    15
       Potion            |       |     1 |     1 |       ||     2
  Eat: Chunk             |       |     4 |     9 |    10 ||    23
Armor: Scale mail        |    26 |       |       |       ||    26
       Chain mail        |    44 |    97 |       |       ||   141
       Plate armour      |       |       |   122 |   129 ||   251
Dodge: Dodged            |    39 |    32 |    32 |    54 ||   157
Block: Shield            |    60 |    25 |       |       ||    85
       Large shield      |       |   117 |   219 |   261 ||   597

Table legend:
 A = Spawn XP
 B = Non-spawn XP
 C = Spawn XP percentage of total XP
 D = Spawn monster count
 E = Non-spawn monster count
 F = Spawn count percentage of total count
 G = Total turns spent on level
                    A         B        C        D         E        F      G
               +---------+---------+-------+---------+---------+-------+---------
         Total |       0 |   17812 |   0.0 |       0 |     285 |   0.0 |  6819
               +---------+---------+-------+---------+---------+-------+---------
           D:1 |       0 |      49 |   0.0 |       0 |      21 |   0.0 |   727
           D:2 |       0 |     206 |   0.0 |       0 |      47 |   0.0 |   529
           D:3 |       0 |     373 |   0.0 |       0 |      30 |   0.0 |   636
           D:4 |       0 |    1230 |   0.0 |       0 |      35 |   0.0 |   876
           D:5 |       0 |     582 |   0.0 |       0 |      19 |   0.0 |   808
           D:6 |       0 |     488 |   0.0 |       0 |      26 |   0.0 |   786
           D:7 |       0 |    2989 |   0.0 |       0 |      18 |   0.0 |   670
           D:8 |       0 |    1615 |   0.0 |       0 |      19 |   0.0 |   501
           D:9 |       0 |    4821 |   0.0 |       0 |      28 |   0.0 |   437
          D:10 |       0 |    5459 |   0.0 |       0 |      42 |   0.0 |   849
               +---------+---------+-------+---------+---------+-------+---------
